AoeStats
← Eaglejet

Arena

508678179Analyzed
1v1 RM · 8d ago on Sep 23, 2026· 35m 57s· 2 players
Game mode
Random Map
Map size
Tiny (2 player)
Population
200
Speed
Normal
Resources
Standard
Victory
Conquest
Starting age
Dark Age
Ending age
Imperial Age
RankedLock teamsTeams togetherTeam positionsShared explorationLock speedFull tech treeHidden civsTurbo modeCheats
Victory
Defeat
🇬🇧 Celts · United Kingdom
538
+14
🇫🇷 Franks · France
493
-14
Eaglejet
12:12 Feudal Age
13:36 Wheelbarrow
12:51 Double-Bit Axe
21:14 Castle Age
22:14 Hand Cart
22:13 Bow Saw
22:44 Squires
23:23 Crossbowman
24:27 Husbandry
33:16 Treadmill Crane
37:01 Imperial Age
34:39 Elite Skirmisher
leonlandels
11:28 Feudal Age
12:30 Double-Bit Axe
14:07 Horse Collar
15:27 Wheelbarrow
15:41 Fletching
20:50 Castle Age
21:10 Crossbowman
22:50 Hand Cart
24:51 Bodkin Arrow
28:12 Stronghold
30:47 Murder Holes
31:13 Ballistics
35:45 Imperial Age
Connection lost

Rejoining the realm…

Still unreachable

The connection could not be restored.

Session expired

The server has moved on; the page needs a fresh start.